 Dungeon Crawl Stone Soup version 0.22.0-49-gab54619 (webtiles) character file.

199 Fang the Chopper (level 5, -1/49 HPs)
             Began as a Gargoyle Berserker on Sept 5, 2018.
             Was a Believer of Trog.
             Slain by a gnoll (3 damage)
             ... on level 2 of the Dungeon.
             The game lasted 00:05:49 (1843 turns).

Fang the Chopper (Gargoyle Berserker)               Turns: 1843, Time: 00:05:50

Health: -1/49      AC:  6    Str: 27    XL:     5   Next: 77%
Magic:  5/5        EV: 12    Int:  7    God:    Trog [**....]
Gold:   111        SH:  0    Dex:  9    Spells: 4/4 levels left

rFire    . . .     SeeInvis .   a - +0 hand axe
rCold    . . .     Gourm    .   (no shield)
rNeg     + . .     Faith    .   b - +0 animal skin
rPois    ∞         Spirit   .   (no helmet)
rElec    +         Reflect  .   (no cloak)
rCorr    .         Harm     .   (no gloves)
MR       .....                  (no boots)
Stlth    ..........             (no amulet)
HPRegen  0.16/turn              (no ring)
MPRegen  0.09/turn              (no ring)

@: berserking, very quick
A: negative energy resistance 1, electricity resistance, unbreathing,
petrification resistance, rot immunity, AC +4
a: Berserk, Trog's Hand, Renounce Religion


You were on level 2 of the Dungeon.
You worshipped Trog.
Trog was pleased with you.
You were very hungry.

You visited 1 branch of the dungeon, and saw 2 of its levels.

You collected 111 gold pieces.

Inventory:

Hand Weapons
 a - a +0 hand axe (weapon)
Armour
 b - a +0 animal skin (worn)
Wands
 l - a wand of polymorph (19)
Scrolls
 e - 3 scrolls of enchant armour {unknown}
 f - 2 scrolls of remove curse {unknown}
 g - 2 scrolls of identify {unknown}
 i - a scroll of amnesia {unknown}
 j - a scroll of fog {unknown}
 k - a scroll of blinking {unknown}
 m - 2 scrolls of fear {unknown}
 n - a scroll of random uselessness {unknown}
Potions
 d - 3 potions of curing {unknown}
 h - 2 potions of heal wounds {unknown}
Comestibles
 c - 4 rations


   Skills:
 + Level 4.2 Fighting
 + Level 4.5 Axes
 + Level 2.5 Armour
 + Level 2.5 Dodging
 + Level 0.5 Stealth


You had 4 spell levels left.
You didn't know any spells.
Your spell library was empty.

Dungeon Overview and Level Annotations

Branches:
Dungeon (2/15)

Altars:


Innate Abilities, Weirdness & Mutations

You are resistant to torment.
Your stone body is resilient. (AC +4)
You are immune to poison.
You resist negative energy. (rN+)
You are resistant to electric shocks. (rElec)
You can survive without breathing.
You are immune to petrification.
You are immune to rotting.


Message History

You feel yourself moving faster!
You feel mighty!
You are feeling very hungry.
The gnoll barely misses you. The gnoll hits you!
* * * LOW HITPOINT WARNING * * *
The gnoll misses you.
You slash the gnoll!
You kill the gnoll!
Trog accepts your kill.
You barely miss the gnoll. x2; The gnoll barely misses you.
Unknown command.
You slash the gnoll!
You kill the gnoll!
Trog accepts your kill.
You hit the gnoll. The gnoll hits you.
* * * LOW HITPOINT WARNING * * *
Unknown command.
You closely miss the gnoll.
The gnoll is heavily wounded.
The gnoll hits you.
You die...

... .. ### ...
.### ..# .. ...
..# .. ..# ..##
.##..## .... .....
.... #.g####.#
#... #@)....<#
#...
##########.#####.#
'...
..........$......>
#...
#......########.#
...# #......# #.#
...#
#......########.#
...#
#......'......#.#
...#
#......######.#.#
...# #......#
#.#.#


You could see a gnoll.

Vanquished Creatures
  Natasha (thrice) (D:2)
  A worker ant (D:2)
  2 gnolls (D:2)
  An adder (D:2)
  An ooze (D:2)
  A worm (D:2)
  A dart slug (D:1)
  3 leopard geckos
  4 giant cockroaches
  2 hobgoblins (D:1)
  5 jackals (D:1)
  12 bats
  6 frilled lizards
  6 goblins
  9 kobolds
  4 rats
61 creatures vanquished.

Notes
Turn   | Place    | Note
-------+----------+-------------------------------------------
     0 | D:1      | Fang the Gargoyle Berserker began the quest for the Orb.
     0 | D:1      | Reached XP level 1. HP: 14/14 MP: 1/1
    44 | D:1      | Reached XP level 2. HP: 19/19 MP: 2/2
   349 | D:1      | Reached XP level 3. HP: 14/23 MP: 3/3
   671 | D:1      | Reached ** piety under Trog
  1113 | D:2      | Reached XP level 4. HP: 29/29 MP: 4/4
  1123 | D:2      | Noticed Natasha
  1134 | D:2      | Killed Natasha
  1249 | D:2      | Noticed Natasha
  1263 | D:2      | Killed Natasha
  1263 | D:2      | Reached XP level 5. HP: 23/33 MP: 5/5
  1471 | D:2      | Noticed Natasha
  1484 | D:2      | Killed Natasha
  1842 | D:2      | HP: 1/49 [gnoll (2)]
  1843 | D:2      | Slain by a gnoll

Skill      XL: |  1  2  3  4 |
---------------+-------------+-----
Axes           | 3 4 |  4.5
Dodging        | 2 |  2.5
Fighting       | 4 |  4.2
Armour         | |  2.5
Stealth        | |  0.5

Action                   |  1- 3 |  4- 6 || total
-------------------------+-------+-------++-------
Melee: Hand axe          |   127 |    72 ||   199
Invok: Berserk           |     1 |     4 ||     5
  Eat: Chunk             |     1 |     6 ||     7
Armor: Animal skin       |    67 |    26 ||    93
Dodge: Dodged            |   101 |    41 ||   142
